 Dungeon Crawl Stone Soup version 0.28.0-43-g3370ac3207 (webtiles) character file.

Game seed: 8588874828111621671

117 Ablot the Grasshopper (level 5, -5/43 HPs)
             Began as a Gnoll Warper on Mar 12, 2022.
             Slain by Crazy Yiuf
             ... wielding a +3 quarterstaff of chaos
              (13 damage)
             ... on level 3 of the Dungeon.
             The game lasted 00:02:55 (3326 turns).

Ablot the Grasshopper (Gnoll Warper)                Turns: 3326, Time: 00:02:56

Health: -5/43      AC:  4    Str: 12    XL:     5   Next: 1%
Magic:  12/12      EV: 13    Int: 13    God:
Gold:   102        SH:  0    Dex: 11    Spells: 12/14 levels left

rFire   . . .      SeeInvis .   k - +0 dagger (venom)
rCold   . . .      Faith    .   (no shield)
rNeg    . . .      Spirit   .   p - +1 robe {Will+}
rPois   .          Reflect  .   l - +0 helmet
rElec   .          Harm     .   (no cloak)
rCorr   .          Rampage  .   (no gloves)
Will    +....                   (no boots)
Stlth   ++........              (no amulet)
HPRegen 0.14/turn               (no ring)
MPRegen 0.13/turn               (no ring)

@: mighty
A: fangs 1, strong nose, distributed training
a: no special abilities


You were on level 3 of the Dungeon.
You visited 1 branch of the dungeon, and saw 3 of its levels.

You collected 102 gold pieces.

Inventory:

Hand Weapons
 a - a +0 spear
 k - a +0 dagger of venom (weapon)
Missiles
 d - 5 boomerangs of dispersal (quivered)
 e - 117 stones
 m - 16 arrows
 r - 6 datura-tipped darts
Armour
 l - a +0 helmet (worn)
 p - a +1 robe of willpower (worn)
Scrolls
 b - 3 scrolls of identify {unknown}
 c - a scroll of blinking
 h - a scroll of fear {unknown}
 i - a scroll of fog {unknown}
 j - a scroll of enchant weapon {unknown}
 o - 2 scrolls of magic mapping {unknown}
Potions
 f - 2 potions of might
 n - a potion of haste
 q - a potion of brilliance {unknown}


   Skills:
 + Level 4.7 Fighting
 + Level 1.3 Short Blades
 + Level 1.3 Long Blades
 + Level 1.3 Axes
 + Level 1.3 Maces & Flails
 + Level 4.7 Polearms
 + Level 1.3 Staves
 + Level 1.3 Slings
 + Level 1.3 Bows
 + Level 1.3 Crossbows
 + Level 2.8 Throwing
 + Level 2.8 Armour
 + Level 4.7 Dodging
 + Level 1.3 Stealth
 + Level 1.3 Shields
 + Level 1.3 Unarmed Combat
 + Level 5.1 Spellcasting
 + Level 1.0 Conjurations
 + Level 1.0 Hexes
 + Level 1.0 Summonings
 + Level 1.0 Necromancy
 + Level 5.5 Translocations
 + Level 1.0 Transmutations
 + Level 1.0 Fire Magic
 + Level 1.0 Ice Magic
 + Level 1.0 Air Magic
 + Level 1.0 Earth Magic
 + Level 1.0 Poison Magic
 + Level 1.4 Invocations
 + Level 1.3 Evocations


You had 12 spell levels left.
You knew the following spells:

 Your Spells              Type           Power      Damage    Failure   Level
a - Blink                 Tloc           34%        N/A       3%          2

Your spell library contained the following spells:

 Spells                   Type           Power      Damage    Failure   Level
 Gell's Gravitas          Tloc           17%        N/A       6%          3
 Lesser Beckoning         Tloc           17%        N/A       6%          3
 Teleport Other           Tloc           17%        N/A       6%          3
 Manifold Assault         Tloc           17%        N/A       47%         5


Dungeon Overview and Level Annotations

Branches:
Dungeon (3/15)

Altars:

Annotations:
D:3 Crazy Yiuf


Innate Abilities, Weirdness & Mutations

You have very sharp teeth.
Your uncanny sense of smell can sniff out nearby items.
Your experience applies equally to all skills.


Message History

No target in view!
Found two maces.
Found a runed translucent door.
Found a mace, a brightly glowing mace and an ichor-stained mace.
You open the door. You closely miss Crazy Yiuf. You barely miss Crazy Yiuf.
You punch Crazy Yiuf. Your bite misses Crazy Yiuf.
Crazy Yiuf is lightly wounded.
Crazy Yiuf hits you with a +3 quarterstaff of chaos!
You are poisoned.
You hit Crazy Yiuf.
Crazy Yiuf is moderately wounded.
You feel sick.
Crazy Yiuf hits you with a +3 quarterstaff of chaos!
You are more poisoned.
You barely miss Crazy Yiuf.
Crazy Yiuf is moderately wounded.
You feel very sick. Crazy Yiuf closely misses you.
You hit Crazy Yiuf but do no damage.
Crazy Yiuf is poisoned.
Crazy Yiuf is moderately wounded.
You feel very sick. Crazy Yiuf barely misses you.
You hit Crazy Yiuf but do no damage.
Crazy Yiuf looks as sick as possible!
You bite Crazy Yiuf.
Crazy Yiuf is moderately wounded.
You feel very sick.
Crazy Yiuf hits you with a +3 quarterstaff of chaos.
* * * LOW HITPOINT WARNING * * *
Crazy Yiuf burns you.
* * * LOW HITPOINT WARNING * * *
* * * LOW HITPOINT WARNING * * *
You feel sick.
It was a potion of might.
You feel very mighty all of a sudden.
* * * LOW HITPOINT WARNING * * *
You feel sick. Crazy Yiuf barely misses you.
Unknown command.
It was a potion of curing.
You feel better.
Crazy Yiuf hits you with a +3 quarterstaff of chaos!
You die...

#.# #.# #.. #.#
#.## ##.. #.#
###.## ##.#. #.#
#....###.##. #.#
#####...###. #.#
##.## #.
#.###♣♣♣♣♣
###.####.
#.#.#..♣.♣♣♣ ###
#........
#.......♣.@♣#)))#
##.......
#......♣♣♣♣g'...#
#..####. ##..#.♣♣
♣♣#).)# #..# #.
####♣♣ ### #..#
#. #..# #. #..#
#. ###### #..# #.
#.##.###..####.
#.##........##.


You could see Crazy Yiuf (very poisoned).

Vanquished Creatures
  Robin (D:2)
  2 adders (D:3)
  3 worms (D:2)
  2 dart slugs (D:1)
  6 ball pythons
  6 endoplasms
  4 giant cockroaches
  13 goblins
  11 hobgoblins
  2 jackals (D:1)
  4 kobolds
  A quokka (D:1)
  7 bats
  7 rats
69 creatures vanquished.

Notes
Turn   | Place    | Note
-------+----------+-------------------------------------------
     0 | D:1      | Ablot the Gnoll Warper began the quest for the Orb.
     0 | D:1      | Reached XP level 1. HP: 20/20 MP: 6/6
   126 | D:1      | Reached XP level 2. HP: 22/26 MP: 7/7
   129 | D:1      | Learned a level 2 spell: Blink
   582 | D:1      | Reached XP level 3. HP: 30/31 MP: 9/9
   616 | D:1      | Reached skill level 5 in Spellcasting
  1201 | D:2      | Reached skill level 1 in Invocations
  1222 | D:2      | Noticed Robin
  1231 | D:2      | Reached skill level 1 in Short Blades
  1231 | D:2      | Reached skill level 1 in Long Blades
  1231 | D:2      | Reached skill level 1 in Axes
  1231 | D:2      | Reached skill level 1 in Maces & Flails
  1231 | D:2      | Reached skill level 1 in Staves
  1231 | D:2      | Reached skill level 1 in Slings
  1231 | D:2      | Reached skill level 1 in Bows
  1231 | D:2      | Reached skill level 1 in Crossbows
  1231 | D:2      | Reached skill level 1 in Stealth
  1231 | D:2      | Reached skill level 1 in Shields
  1231 | D:2      | Reached skill level 1 in Unarmed Combat
  1231 | D:2      | Reached skill level 1 in Evocations
  1245 | D:2      | Killed Robin
  1246 | D:2      | Reached XP level 4. HP: 27/38 MP: 11/11
  2604 | D:3      | Reached skill level 1 in Conjurations
  2604 | D:3      | Reached skill level 1 in Hexes
  2604 | D:3      | Reached skill level 1 in Summonings
  2604 | D:3      | Reached skill level 1 in Necromancy
  2604 | D:3      | Reached skill level 1 in Transmutations
  2604 | D:3      | Reached skill level 1 in Fire Magic
  2604 | D:3      | Reached skill level 1 in Ice Magic
  2604 | D:3      | Reached skill level 1 in Air Magic
  2604 | D:3      | Reached skill level 1 in Earth Magic
  2604 | D:3      | Reached skill level 1 in Poison Magic
  3077 | D:3      | Found a faded altar of an unknown god.
  3140 | D:3      | Reached XP level 5. HP: 43/43 MP: 12/12
  3313 | D:3      | Found a runed translucent door.
  3314 | D:3      | Noticed Crazy Yiuf
  3325 | D:3      | HP: 1/43 [poisoned by Crazy Yiuf]
  3326 | D:3      | Slain by Crazy Yiuf

Illustrated notes

Levels and vault maps discovered:
D:1:      dpeg_arrival_shrine, layout_loops_ring
D:2:      layout_basic, serial_glass, glass_columns_b, glass_columns_b,
          item_on_display_b, kennysheep_another_room, uniq_robin
D:3:      kennysheep_goblin_castle, layout_loops_ring, basic_ecumenical_altar,
          uniq_crazy_yiuf_cottage

Skill      XL: |  1  2  3  4 |
---------------+-------------+-----
Spellcasting   | 5 |  5.1
Invocations    | 1 |  1.4
Short Blades   | 1 |  1.3
Long Blades    | 1 |  1.3
Axes           | 1 |  1.3
Maces & Flails | 1 |  1.3
Staves         | 1 |  1.3
Slings         | 1 |  1.3
Bows           | 1 |  1.3
Crossbows      | 1 |  1.3
Stealth        | 1 |  1.3
Shields        | 1 |  1.3
Unarmed Combat | 1 |  1.3
Evocations     | 1 |  1.3
Conjurations   | 1 |  1.0
Hexes          | 1 |  1.0
Summonings     | 1 |  1.0
Necromancy     | 1 |  1.0
Transmutations | 1 |  1.0
Fire Magic     | 1 |  1.0
Ice Magic      | 1 |  1.0
Air Magic      | 1 |  1.0
Earth Magic    | 1 |  1.0
Poison Magic   | 1 |  1.0
Fighting       | |  4.7
Polearms       | |  4.7
Throwing       | |  2.8
Armour         | |  2.8
Dodging        | |  4.7
Translocations | |  5.5

Action                   |  1- 3 |  4- 6 || total
-------------------------+-------+-------++-------
Melee: Spear             |   154 |       ||   154
       Bite              |    11 |    12 ||    23
       Punch             |     2 |     2 ||     4
       Dagger            |       |   123 ||   123
  Use: Potion            |       |     2 ||     2
 Stab: Sleeping          |     2 |     1 ||     3
Armor: Leather armour    |    30 |    12 ||    42
       Robe              |       |    15 ||    15
Dodge: Dodged            |    55 |   100 ||   155
